 Dungeon Crawl Stone Soup version 0.22.0 (webtiles) character file.

580 CyclopB the Cudgeler (level 7, -2/62 HPs)
             Began as a Troll Gladiator on Dec 29, 2018.
             Was a Follower of Trog.
             Killed from afar by an orc wizard (8 damage)
             ... with a magic dart
             ... on level 4 of the Dungeon.
             The game lasted 00:16:44 (2665 turns).

CyclopB the Cudgeler (Troll Gladiator)              Turns: 2665, Time: 00:16:45

Health: -2/62      AC:  7    Str: 24    XL:     7   Next: 13%
Magic:  6/6        EV: 10    Int:  4    God:    Trog [*.....]
Gold:   158        SH:  0    Dex: 12    Spells: 6/6 levels left

rFire    . . .     SeeInvis .   a - +0 flail {flail!}
rCold    . . .     Gourm    +   (no shield)
rNeg     . . .     Faith    .   q - +0 animal skin
rPois    .         Spirit   .   c - +0 hat
rElec    .         Reflect  .   (no cloak)
rCorr    .         Harm     .   (gloves unavailable)
MR       .....                  (boots unavailable)
Stlth    +.........             h - amulet of the acrobat
HPRegen  0.60/turn              e - +2 ring of protection
MPRegen  0.10/turn              (no ring)

@: no status effects
A: large, unfitting armour, claws 3, fast metabolism 3, gourmand, regeneration
1, shaggy fur 1, tough skin 2
a: Berserk, Renounce Religion


You were on level 4 of the Dungeon.
You worshipped Trog.
Trog was aware of your devotion.
You were completely stuffed.

You visited 1 branch of the dungeon, and saw 4 of its levels.

You collected 158 gold pieces.

Inventory:

Hand Weapons
 a - a +0 flail (weapon) {flail!}
 l - a cursed -3 hunting sling
Missiles
 d - 3 throwing nets
 g - 148 stones (quivered)
 y - 17 sling bullets
Armour
 c - a +0 hat (worn)
 q - a +0 animal skin (worn)
Jewellery
 e - a +2 ring of protection (left claw)
 h - an amulet of the acrobat (around neck)
 t - a +2 amulet of reflection {unknown}
Wands
 o - a wand of flame (20)
 w - a wand of iceblast (4)
Scrolls
 i - 2 scrolls of enchant armour {unknown}
 j - 2 scrolls of immolation {unknown}
 k - 2 scrolls of identify
 m - a scroll of amnesia {unknown}
 n - a scroll of enchant weapon {unknown}
 r - 2 scrolls of magic mapping {unknown}
 s - 2 scrolls of remove curse {unknown}
 u - 2 scrolls of teleportation {unknown}
 x - 3 scrolls of fear {unknown}
Potions
 v - a potion of curing
Comestibles
 f - 8 rations
 p - 4 chunks of flesh


   Skills:
 - Level 1.5 Fighting
 + Level 7.5 Maces & Flails
 - Level 1.7 Throwing
 - Level 2.4 Dodging


You had 6 spell levels left.
You didn't know any spells.
Your spell library was empty.

Dungeon Overview and Level Annotations

Branches:
Dungeon (4/15)
 Temple: D:4-7

Altars:
Cheibriados
Elyvilon
Makhleb
Okawaru
Trog
Vehumet
Zin

Shops:
D:4 =}=


Innate Abilities, Weirdness & Mutations

You are too large for most types of armour.
You have claws for hands.
Your metabolism is lightning-fast.
You like to eat raw meat.
Your natural rate of healing is unusually fast.
You are covered in fur. (AC +1)
You have very tough skin. (AC +2)


Message History

Something hits you.
* * * LOW HITPOINT WARNING * * *
You barely miss something.
You hear some strange, mumbled words.
A puff of flame appears from out of thin air!
The puff of flame hits you!
* * * LOW HITPOINT WARNING * * *
You sock something! Trog accepts your kill.
Trog appreciates your killing of a magic user.
Reactivating autopickup.
You feel a bit more experienced.
The orc priest looks encouraged for a moment.
You closely miss the orc wizard. The orc wizard casts a spell at you.
The magic dart hits you!
* * * LOW HITPOINT WARNING * * *
The orc wizard points at you and mumbles some strange words.
The magic dart hits you!
You die...

.###.#...#.# #.
.......(...#
..# #.# ... #(#
#'# #o# #.# #o#
#.# #(#
######.##
#o###.......##
#oo@..###....##
#####.# #.....#
#.###..#.##
#......#...
######.#####
#.# #.# #.# #.#


You could see an orc priest, an orc wizard and an orc.

Vanquished Creatures
  Grinder (D:3)
  2 orc priests (D:4)
  A hound (D:4)
  2 orc wizards (D:4)
  A worker ant (D:4)
  Robin (D:2)
  3 gnolls (D:3)
  7 adders
  An adder skeleton (D:4)
  4 worms
  2 dart slugs
  6 leopard geckos
  5 orcs (D:4)
  A giant cockroach (D:1)
  15 goblins
  10 hobgoblins
  10 jackals
  2 quokkas
  A ball python (D:2)
  9 bats
  6 frilled lizards
  6 kobolds
  7 rats
103 creatures vanquished.

Vanquished Creatures (others)
  A quokka (D:3)
1 creature vanquished.

Grand Total: 104 creatures vanquished

Notes
Turn   | Place    | Note
-------+----------+-------------------------------------------
     0 | D:1      | CyclopB the Troll Gladiator began the quest for the Orb.
     0 | D:1      | Reached XP level 1. HP: 19/19 MP: 0/0
    47 | D:1      | Reached skill level 3 in Maces & Flails
   104 | D:1      | Reached XP level 2. HP: 27/27 MP: 1/1
   178 | D:1      | Found an iron altar of Okawaru.
   681 | D:2      | Reached XP level 3. HP: 32/33 MP: 2/2
   685 | D:2      | Reached skill level 4 in Maces & Flails
   837 | D:2      | Reached XP level 4. HP: 37/41 MP: 3/3
   838 | D:2      | Noticed Robin
   860 | D:2      | Killed Robin
  1152 | D:2      | Reached skill level 5 in Maces & Flails
  1174 | D:2      | Found a bloodstained altar of Trog.
  1185 | D:2      | Became a worshipper of Trog the Wrathful
  1399 | D:3      | Found a white marble altar of Elyvilon.
  1441 | D:3      | Reached XP level 5. HP: 47/48 MP: 4/4
  1726 | D:3      | Noticed Grinder
  1726 | D:3      | Paralysed by Grinder for 5 turns
  1746 | D:3      | Paralysed by Grinder for 4 turns
  1759 | D:3      | Paralysed by Grinder for 2 turns
  1765 | D:3      | Killed Grinder
  1765 | D:3      | Reached skill level 6 in Maces & Flails
  1765 | D:3      | Reached XP level 6. HP: 7/55 MP: 5/5
  1902 | D:3      | Found a glowing silver altar of Zin.
  1903 | D:3      | Found a radiant altar of Vehumet.
  1905 | D:3      | Found a snail-covered altar of Cheibriados.
  1905 | D:3      | Found a burning altar of Makhleb.
  2029 | D:3      | Reached * piety under Trog
  2278 | D:4      | Found Piesid's Gadget Shop.
  2290 | D:4      | Found Majot's Jewellery Emporium.
  2370 | D:4      | Reached skill level 7 in Maces & Flails
  2445 | D:4      | Reached XP level 7. HP: 62/62 MP: 6/6
  2542 | D:4      | Found Zeupimu's Jewellery Shoppe.
  2665 | D:4      | Killed from afar by an orc wizard

Skill      XL: |  1  2  3  4  5  6 |
---------------+-------------------+-----
Maces & Flails | 3 4 5 6 7 |  7.5
Fighting       | |  1.5
Throwing       | |  1.7
Dodging        | |  2.4

Action                   |  1- 3 |  4- 6 |  7- 9 || total
-------------------------+-------+-------+-------++-------
Melee: Flail             |   120 |   186 |    33 ||   339
Throw: Stone             |    15 |    63 |    11 ||    89
  Use: Potion            |       |     4 |     1 ||     5
       Scroll            |       |     3 |       ||     3
  Eat: Chunk             |    13 |    16 |     2 ||    31
Armor: Robe              |    47 |     2 |       ||    49
       Animal skin       |       |    83 |     9 ||    92
Dodge: Dodged            |    50 |   103 |     9 ||   162
